 Dungeon Crawl Stone Soup version 0.19.1 (webtiles) character file.

2048 ChaseSP the Cleaver (level 9, -4/64 HPs)
             Began as a Formicid Fighter on Dec 2, 2016.
             Was a Priest of Qazlal.
             Slain by an ogre
             ... wielding a +0 giant club
              (16 damage)
             ... on level 7 of the Dungeon.
             The game lasted 00:14:00 (6189 turns).

ChaseSP the Cleaver (Formicid Fighter)              Turns: 6189, Time: 00:14:01

Health: -4/64      AC: 12    Str: 22    XL:     9   Next: 49%
Magic:  9/9        EV:  7    Int:  7    God:    Qazlal [***...]
Gold:   418        SH: 14    Dex: 13    Spells: 0 memorised, 8 levels left

rFire  . . .     SeeInvis +     a - +0 war axe
rCold  . . .     Gourm    .     h - +0 chain mail
rNeg   . . .     Faith    .     c - +0 shield
rPois  .         Spirit   .     (helmet unavailable)
rElec  .         Reflect  .     r - +1 cloak
rCorr  .         Harm     .     i - +0 pair of gloves
MR     .....                    (no boots)
Stlth  ..........               (no amulet)
                                C - ring of flight
                                (no ring)

@: no status effects
A: permanent stasis, dig shafts and tunnels, four strong arms, antennae 3
a: Dig, Shaft Self, Upheaval, Elemental Force, Renounce Religion, Evoke Flight


You were on level 7 of the Dungeon.
You worshipped Qazlal.
Qazlal was most pleased with you.
You were not hungry.

You visited 1 branch of the dungeon, and saw 7 of its levels.
You also visited: Sewer.

You collected 418 gold pieces.

Inventory:

Hand Weapons
 a - a +0 war axe (weapon)
 s - a +5 flail of venom
Armour
 c - a +0 shield (worn)
 h - a +0 chain mail (worn)
 i - a +0 pair of gloves (worn)
 k - a +0 plate armour
 r - a +1 cloak (worn)
Jewellery
 C - a ring of flight (right hand)
Wands
 d - a wand of paralysis (12/24)
 o - a wand of digging (8/24)
 t - a wand of flame (23/48)
 A - a wand of teleportation (2/9)
Scrolls
 m - a scroll of amnesia
 u - 3 scrolls of remove curse
 v - 4 scrolls of identify
 w - 2 scrolls of noise {unknown}
 y - a scroll of fear {unknown}
 z - a scroll of magic mapping {unknown}
 D - 2 scrolls of recharging {unknown}
 E - a scroll of brand weapon {unknown}
Potions
 b - a potion of haste {unknown}
 e - 2 potions of agility
 g - 6 potions of curing
 p - a potion of cure mutation {unknown}
 x - 3 potions of might
 B - 2 potions of mutation {unknown}
 F - a potion of magic {unknown}
 G - 5 potions of heal wounds {unknown}
 H - 2 potions of flight {unknown}
 I - a potion of brilliance {unknown}
 J - a potion of lignification {unknown}
Comestibles
 f - 6 bread rations
 j - 5 meat rations
 l - a slice of pizza
 n - 2 beef jerkies
 q - a fruit
 K - 5 chunks of flesh


   Skills:
 - Level 3.2 Fighting
 * Level 11.0 Axes
 - Level 3.2 Armour
 + Level 6.4 Shields


You had 8 spell levels left.
You didn't know any spells.

Dungeon Overview and Level Annotations

Branches:
Dungeon (7/15)             Temple (0/1) D:4

Altars:
Elyvilon
Fedhas
Qazlal
Uskayaw

Shops:
D:4 :   D:5 =

Annotations:
D:4 ChaseSP's ghost, novice FoFi


Innate Abilities, Weirdness & Mutations

You are under a permanent stasis effect.
You can dig through walls and to a lower floor.
Your four strong arms can wield two-handed weapons with a shield.
You have a pair of large antennae on your head. (SInv)


Message History

Qazlal accepts your kill. You block the ogre's attack.
Unknown command.
You barely miss the ogre.
The ogre is almost dead.
Your chain mail prevents you from hitting the ogre.
The ogre is almost dead.
The ogre hits you with a giant club!!
* * * LOW HITPOINT WARNING * * *
You are too injured to fight recklessly!
You are too injured to fight recklessly!
Unknown command.
Your chain mail prevents you from hitting the ogre.
The ogre is almost dead.
The ogre hits you with a giant club.
* * * LOW HITPOINT WARNING * * *
You barely miss the ogre.
The ogre is almost dead.
The ogre hits you with a giant club!
You die...

.....#.........
#....#.........
#....#.........
#..............
#............# .
#............# .
#..#...(####.#.#
#.........§..#.#
##.#(.....@O...#
#.......§...'..
.#
#...........#.. .
#.......†...#
#..#...........#
#..#))..####.#.#
#..#)#######.#...
#..#.........#
##.
#....#.#######


You could see an ogre.

Vanquished Creatures
  Eustachio (D:4)
  Edmund (D:4)
  An ice beast (D:5)
  An ogre (D:4)
  A centaur (D:3)
  2 big kobolds (Sewer)
  4 bullfrogs (D:6)
  A howler monkey (D:7)
  4 crimson imps
  A bullfrog zombie (D:5)
  2 jellies
  2 bullfrog skeletons
  2 hounds
  4 orc priests
  An orc wizard (D:3)
  A centaur skeleton (D:7)
  4 worker ants
  A gnoll shaman (D:5)
  Natasha (thrice) (D:4)
  A hound skeleton (D:5)
  5 gnolls (D:5)
  A howler monkey skeleton (D:5)
  12 adders
  3 river rats (Sewer)
  An adder zombie (D:5)
  7 worms
  A dart slug (D:1)
  8 leopard geckos
  15 orcs
  5 ball pythons (Sewer)
  9 bats
  8 giant cockroaches
  8 hobgoblins
  3 jackals (D:2)
  19 kobolds
  7 quokkas
  4 frilled lizards
  4 goblins
  A quokka zombie (D:6)
  30 rats
189 creatures vanquished.

Notes
Turn   | Place    | Note
-------+----------+-------------------------------------------
     0 | D:1      | ChaseSP the Formicid Fighter began the quest for the Orb.
     0 | D:1      | Reached XP level 1. HP: 18/18 MP: 1/1
    84 | D:1      | Reached XP level 2. HP: 24/24 MP: 2/2
   404 | D:1      | Reached skill level 3 in Axes
   650 | D:2      | Reached XP level 3. HP: 21/29 MP: 3/3
   959 | D:2      | Reached skill level 4 in Axes
   959 | D:2      | Reached XP level 4. HP: 31/35 MP: 4/4
  1523 | D:3      | Reached XP level 5. HP: 21/41 MP: 5/5
  1622 | D:3      | Reached skill level 5 in Axes
  2133 | D:3      | Reached XP level 6. HP: 40/47 MP: 6/6
  2373 | D:3      | Reached skill level 6 in Axes
  2416 | D:3      | Found a white marble altar of Elyvilon.
  2416 | D:3      | Found a stormy altar of Qazlal.
  2425 | D:3      | Became a worshipper of Qazlal Stormbringer
  2820 | D:4      | Noticed Natasha
  2847 | D:4      | Killed Natasha
  2859 | D:4      | Noticed an ogre
  2969 | D:4      | Killed an ogre
  2969 | D:4      | Reached skill level 7 in Axes
  2969 | D:4      | Reached XP level 7. HP: 52/52 MP: 7/7
  3110 | D:4      | Noticed Edmund
  3139 | D:4      | Killed Edmund
  3209 | D:4      | Noticed Natasha
  3210 | D:4      | Found a staircase to the Ecumenical Temple.
  3254 | D:4      | HP: 1/52 [shadow imp[Natasha] (4)]
  3255 | D:4      | Killed Natasha
  3255 | D:4      | Reached skill level 8 in Axes
  3417 | D:4      | Noticed ChaseSP's ghost (novice FoFi)
  3435 | D:5      | Entered Level 5 of the Dungeon
  3775 | D:5      | Reached XP level 8. HP: 35/58 MP: 8/8
  3846 | D:5      | Found a blossoming altar of Fedhas.
  3909 | D:5      | Reached skill level 9 in Axes
  3975 | D:5      | Found a hide-covered altar of Uskayaw.
  4264 | D:5      | Reached * piety under Qazlal
  4328 | D:5      | Found Citelo Ubra's Jewellery Boutique.
  4525 | D:4      | Noticed Natasha
  4534 | D:4      | Killed Natasha
  4609 | D:4      | Found Qougum's Book Emporium.
  4630 | D:4      | Noticed Eustachio
  4643 | D:4      | Killed Eustachio
  4989 | D:6      | Reached skill level 10 in Axes
  4996 | D:6      | Reached skill level 5 in Shields
  5058 | D:6      | Reached XP level 9. HP: 57/64 MP: 9/9
  5195 | D:6      | Found a glowing drain.
  5199 | Sewer    | Entered a sewer
  5248 | Sewer    | Reached ** piety under Qazlal
  6160 | D:7      | Reached *** piety under Qazlal
  6160 | D:7      | Reached skill level 11 in Axes
  6189 | D:7      | Slain by an ogre

Skill      XL: |  1  2  3  4  5  6  7  8  9 |
---------------+----------------------------+-----
Axes           | 3 4 5 7 8 10 11 | 11.0
Shields        | 5 6 |  6.4
Fighting       | |  3.2
Armour         | |  3.2

Action                   |  1- 3 |  4- 6 |  7- 9 || total
-------------------------+-------+-------+-------++-------
Melee: War axe           |   125 |   241 |   438 ||   804
 Abil: Dig               |       |     5 |     2 ||     7
Evoke: Wand              |       |     3 |       ||     3
  Use: Scroll            |       |     5 |     1 ||     6
       Potion            |       |       |     2 ||     2
  Eat: Chunk             |       |     8 |    11 ||    19
Armor: Scale mail        |     4 |       |       ||     4
       Chain mail        |    81 |   121 |   192 ||   394
Dodge: Dodged            |    32 |    55 |    77 ||   164
Block: Shield            |    78 |   129 |   216 ||   423
